 Dungeon Crawl Stone Soup version 0.29.0-4-gdea44cf6ec (webtiles) character file.

Game seed: 330158794900075113

161 qw the Chopper (level 5, -1/41 HPs)
             Began as a Ghoul Summoner on Sept 9, 2022.
             Slain by a gnoll sergeant
             ... wielding a +0 spear
              (7 damage)
             ... on level 4 of the Dungeon.
             The game lasted 00:01:50 (4937 turns).

qw the Chopper (Ghoul Summoner)                     Turns: 4937, Time: 00:01:50

Health: -1/41      AC: 10    Str: 14    XL:     5   Next: 42%
Magic:  6/6        EV:  4    Int: 10    God:
Gold:   131        SH:  0    Dex:  9    Spells: 6/7 levels left

rFire   . . .      SeeInvis .   Y - +0 hand axe
rCold   + . .      Faith    .   (no shield)
rNeg    + + +      Spirit   .   c - +0 plate armour
rPois   inf        Reflect  .   (no helmet)
rElec   .          Harm     .   (no cloak)
rCorr   .          Rampage  .   (no gloves)
Will    .....                   (no boots)
Stlth   ..........              (no amulet)
HPRegen 0.00/turn               (no ring)
MPRegen 0.10/turn               (no ring)

@: inhibited regen
A: claws 1, cold resistance 1, negative energy resistance 3, inhibited
regeneration, torment resistance 2, devour on kill
a: no special abilities


You were on level 4 of the Dungeon.
You visited 1 branch of the dungeon, and saw 4 of its levels.

You collected 131 gold pieces.


Innate Abilities, Weirdness & Mutations

You are immune to poison.
You have sharp fingernails.
Your flesh is cold resistant. (rC+)
You are immune to negative energy. (rN+++)
You do not regenerate when monsters are visible.
You are immune to unholy pain and torment.
You thrive by killing the living.


   Skills:
 - Level 2.0 Fighting
 + Level 3.8 Axes
 - Level 1.0 Armour
 - Level 1.7 Dodging
 - Level 2.1 Stealth
 - Level 1.7 Spellcasting
 - Level 3.6 Summonings


You had 6 spell levels left.
You knew the following spells:

 Your Spells              Type           Power      Damage    Failure   Level
a - Summon Small Mammal   Summ           32%        N/A       100%        1

Your spell library contained the following spells:

 Spells                   Type           Power      Damage    Failure   Level
 Call Imp                 Summ           8%         N/A       100%        2
 Call Canine Familiar     Summ           8%         N/A       100%        3
 Summon Guardian Golem    Hex/Summ       4%         N/A       100%        3
 Summon Lightning Spire   Summ/Air       4%         N/A       100%        4

Inventory:

Hand Weapons
 j - a +2 whip of flaming
 Y - a +0 hand axe (weapon)
Armour
 c - a +0 plate armour (worn)
 d - a +0 helmet
Scrolls
 g - a scroll of identify
Potions
 a - a potion of haste {unknown}
 b - a potion of curing
 h - a potion of heal wounds {unknown}

Dungeon Overview and Level Annotations

Branches:
Dungeon (4/15)
 Temple: D:4-7

Altars:
Hepliaklqana
Xom

Annotations:
D:3 3 runed translucent doors, qw's ghost, amateur DsCA; qw's ghost, amateur GrFi


Message History

A dart slug and a goblin come into view.
The goblin shouts!
You hear a shout!
An adder comes into view.
The gnoll hits you but does no damage.
An iguana comes into view.
You hear an angry hiss.
You hit the gnoll.
The gnoll is moderately wounded.
An ufetubus comes into view.
The gnoll hits you with a +0 spear. The gnoll sergeant barely misses you.
You barely miss the gnoll.
The gnoll is moderately wounded.
The gnoll hits you but does no damage.
The gnoll sergeant hits you but does no damage.
You closely miss the gnoll.
The gnoll is moderately wounded.
The gnoll sergeant hits you from afar with a +0 spear.
A kobold comes into view. It is wielding a +0 dagger.
The gnoll hits you with a +0 spear.
A ball python comes into view.
The ball python hisses angrily.
You hit the gnoll but do no damage.
The gnoll is moderately wounded.
The gnoll hits you but does no damage.
The gnoll sergeant hits you from afar with a +0 spear.
You hit the gnoll.
The gnoll is heavily wounded.
The gnoll completely misses you.
The gnoll sergeant hits you from afar with a +0 spear.
You hit the gnoll.
The gnoll is severely wounded.
The gnoll hits you but does no damage.
The gnoll sergeant hits you but does no damage.
The gnoll hits you with a +0 spear.
The gnoll sergeant hits you from afar with a +0 spear!
You hit the gnoll but do no damage.
The gnoll is severely wounded.
The gnoll hits you with a +0 spear.
The gnoll sergeant hits you from afar with a +0 spear!
You die... ..# #...... ..## #......# ....# .......# ..... ##.....# Sgw...

.#......###g5K...
...)....#.gggg...
#.......@.## .....
###.......#
....... ##...!.###
....... ##......#
##..... #......##
#......##...#...#
........#.#.##.##
.............#..##
.................#


You could see a gnoll sergeant, 4 gnolls, an adder, a dart slug, an ufetubus, a
goblin and a kobold.

Vanquished Creatures
  An orc priest (D:4)
  An orc wizard (D:2)
  2 adders
  A worm (D:3)
  A dart slug (D:1)
  6 orcs
  9 endoplasms
  A giant cockroach (D:1)
  3 goblins
  9 hobgoblins
  2 jackals (D:3)
  3 quokkas
  4 ball pythons
  3 bats
  2 frilled lizards
  11 kobolds
  3 rats
62 creatures vanquished.

Vanquished Creatures (collateral kills)
  A dart slug (D:1)
  3 bats (D:1)
  An endoplasm (D:1)
  2 goblins (D:1)
  A ball python (D:1)
  2 frilled lizards (D:1)
10 creatures vanquished.

Vanquished Creatures (others)
  3 withered plants (D:3)
3 creatures vanquished.

Grand Total: 75 creatures vanquished

Notes
Turn   | Place    | Note
-------+----------+-------------------------------------------
     0 | D:1      | qw the Ghoul Summoner began the quest for the Orb.
     0 | D:1      | Reached XP level 1. HP: 14/14 MP: 2/2
     0 | D:1      | 0 ||| qw: Version: 0.1-a-113-g051387a
     0 | D:1      | 0 ||| qw: Game counter: 7251
     0 | D:1      | 0 ||| qw: Always use a shield: true
     0 | D:1      | 0 ||| qw: God list: Okawaru
     0 | D:1      | 0 ||| qw: Allow faded altars: false
     0 | D:1      | 0 ||| qw: Do Orc after D:15 true
     0 | D:1      | 0 ||| qw: Do second Lair branch before Depths: true
     0 | D:1      | 0 ||| qw: Lair rune preference: random
     0 | D:1      | 0 ||| qw: Plans: Normal
     0 | D:1      | 0 ||| PLANNING D:1-11
    10 | D:1      | 10 ||| CASTING Summon Small Mammal
    12 | D:1      | 12 ||| CASTING Summon Small Mammal
    53 | D:1      | 53 ||| CASTING Summon Small Mammal
    54 | D:1      | 54 ||| CASTING Summon Small Mammal
    66 | D:1      | 66 ||| CASTING Summon Small Mammal
   231 | D:1      | 231 ||| Wielding weapon +0 dagger.
   251 | D:1      | 251 ||| CASTING Summon Small Mammal
   252 | D:1      | 252 ||| CASTING Summon Small Mammal
   278 | D:1      | 278 ||| CASTING Summon Small Mammal
   279 | D:1      | 279 ||| CASTING Summon Small Mammal
   284 | D:1      | Reached skill level 1 in Axes
   306 | D:1      | 306 ||| SWAPPING to +0 club.
   307 | D:1      | 307 ||| DROPPING +0 dagger.
   310 | D:1      | 310 ||| CASTING Summon Small Mammal
   311 | D:1      | 311 ||| CASTING Summon Small Mammal
   351 | D:1      | 351 ||| CASTING Summon Small Mammal
   352 | D:1      | 352 ||| CASTING Summon Small Mammal
   359 | D:1      | Reached XP level 2. HP: 22/22 MP: 0/3
   437 | D:1      | 437 ||| CASTING Summon Small Mammal
   438 | D:1      | 438 ||| CASTING Summon Small Mammal
   439 | D:1      | 439 ||| CASTING Summon Small Mammal
   448 | D:1      | Reached skill level 1 in Fighting
   502 | D:1      | 502 ||| CASTING Summon Small Mammal
   503 | D:1      | 503 ||| CASTING Summon Small Mammal
   504 | D:1      | 504 ||| CASTING Summon Small Mammal
   557 | D:1      | 557 ||| CASTING Summon Small Mammal
   558 | D:1      | 558 ||| CASTING Summon Small Mammal
   559 | D:1      | 559 ||| CASTING Summon Small Mammal
   568 | D:1      | 568 ||| CASTING Summon Small Mammal
   587 | D:1      | 587 ||| CASTING Summon Small Mammal
   593 | D:1      | 593 ||| CASTING Summon Small Mammal
   716 | D:1      | 716 ||| CASTING Summon Small Mammal
   717 | D:1      | 717 ||| CASTING Summon Small Mammal
   718 | D:1      | 718 ||| CASTING Summon Small Mammal
   831 | D:1      | 831 ||| CASTING Summon Small Mammal
   832 | D:1      | 832 ||| CASTING Summon Small Mammal
   833 | D:1      | 833 ||| CASTING Summon Small Mammal
   876 | D:1      | 876 ||| CASTING Summon Small Mammal
   877 | D:1      | 877 ||| CASTING Summon Small Mammal
   878 | D:1      | 878 ||| CASTING Summon Small Mammal
   916 | D:1      | 916 ||| CASTING Summon Small Mammal
   917 | D:1      | 917 ||| CASTING Summon Small Mammal
   919 | D:1      | 919 ||| CASTING Summon Small Mammal
  1006 | D:1      | 1006 ||| CASTING Summon Small Mammal
  1007 | D:1      | 1007 ||| CASTING Summon Small Mammal
  1008 | D:1      | 1008 ||| CASTING Summon Small Mammal
  1175 | D:1      | 1175 ||| CASTING Summon Small Mammal
  1176 | D:1      | 1176 ||| CASTING Summon Small Mammal
  1177 | D:1      | 1177 ||| CASTING Summon Small Mammal
  1215 | D:1      | 1215 ||| CASTING Summon Small Mammal
  1216 | D:1      | 1216 ||| CASTING Summon Small Mammal
  1217 | D:1      | 1217 ||| CASTING Summon Small Mammal
  1227 | D:1      | 1227 ||| CASTING Summon Small Mammal
  1238 | D:1      | 1238 ||| CASTING Summon Small Mammal
  1368 | D:1      | 1368 ||| CASTING Summon Small Mammal
  1369 | D:1      | 1369 ||| CASTING Summon Small Mammal
  1370 | D:1      | 1370 ||| CASTING Summon Small Mammal
  1371 | D:1      | Reached XP level 3. HP: 28/28 MP: 0/4
  1439 | D:1      | 1439 ||| CASTING Summon Small Mammal
  1440 | D:1      | 1440 ||| CASTING Summon Small Mammal
  1441 | D:1      | 1441 ||| CASTING Summon Small Mammal
  1442 | D:1      | 1442 ||| CASTING Summon Small Mammal
  1514 | D:1      | 1514 ||| Stepping ~*~*~tactically~*~*~ (hiding).
  1616 | D:1      | 1616 ||| Stepping ~*~*~tactically~*~*~ (hiding).
  1718 | D:1      | 1718 ||| Stepping ~*~*~tactically~*~*~ (hiding).
  1820 | D:1      | 1820 ||| Stepping ~*~*~tactically~*~*~ (hiding).
  1922 | D:1      | 1922 ||| Stepping ~*~*~tactically~*~*~ (hiding).
  2024 | D:1      | 2024 ||| Stepping ~*~*~tactically~*~*~ (hiding).
  2126 | D:1      | 2126 ||| Stepping ~*~*~tactically~*~*~ (hiding).
  2228 | D:1      | 2228 ||| Stepping ~*~*~tactically~*~*~ (hiding).
  2330 | D:1      | 2330 ||| Stepping ~*~*~tactically~*~*~ (hiding).
  2432 | D:1      | 2432 ||| Stepping ~*~*~tactically~*~*~ (hiding).
  2534 | D:1      | 2534 ||| Stepping ~*~*~tactically~*~*~ (hiding).
  2636 | D:1      | 2636 ||| Stepping ~*~*~tactically~*~*~ (hiding).
  2638 | D:1      | 2638 ||| CASTING Summon Small Mammal
  2639 | D:1      | 2639 ||| CASTING Summon Small Mammal
  2640 | D:1      | 2640 ||| CASTING Summon Small Mammal
  2641 | D:1      | 2641 ||| CASTING Summon Small Mammal
  2682 | D:1      | Found a faded altar of an unknown god.
  2689 | D:1      | 2689 ||| CASTING Summon Small Mammal
  2690 | D:1      | 2690 ||| CASTING Summon Small Mammal
  2691 | D:1      | 2691 ||| CASTING Summon Small Mammal
  2692 | D:1      | 2692 ||| CASTING Summon Small Mammal
  2700 | D:1      | 2700 ||| CASTING Summon Small Mammal
  2746 | D:1      | 2746 ||| SWAPPING to +0 short sword.
  2747 | D:1      | 2747 ||| DROPPING +0 club.
  3036 | D:1      | 3036 ||| UPGRADING to +0 plate armour.
  3046 | D:1      | 3046 ||| DROPPING +0 robe.
  3047 | D:1      | 3047 ||| DROPPING ring of flight.
  3048 | D:1      | 3048 ||| READING scroll labelled JOLOSO ECEJAUX.
  3049 | D:1      | 3049 ||| READING 2 scrolls labelled PUTIW ETHRUXOK.
  3050 | D:1      | 3050 ||| DRINKING 2 glowing blue potions.
  3051 | D:1      | 3051 ||| DROPPING potion of magic.
  3052 | D:1      | 3052 ||| DROPPING scroll of amnesia.
  3079 | D:2      | 3079 ||| STAIRDANCE
  3092 | D:2      | 3092 ||| Stepping ~*~*~tactically~*~*~ (outnumbered).
  3093 | D:2      | 3093 ||| Stepping ~*~*~tactically~*~*~ (outnumbered).
  3094 | D:2      | 3094 ||| Stepping ~*~*~tactically~*~*~ (outnumbered).
  3126 | D:2      | 3126 ||| SWAPPING to +0 hand axe.
  3127 | D:2      | 3127 ||| DROPPING +0 short sword.
  3141 | D:2      | Reached skill level 1 in Armour
  3286 | D:2      | 3286 ||| Stepping ~*~*~tactically~*~*~ (stealth).
  3297 | D:2      | 3297 ||| Stepping ~*~*~tactically~*~*~ (stealth).
  3354 | D:2      | 3354 ||| DROPPING +0 club.
  3423 | D:2      | 3423 ||| Stepping ~*~*~tactically~*~*~ (stealth).
  3424 | D:2      | 3424 ||| Stepping ~*~*~tactically~*~*~ (stealth).
  3439 | D:2      | 3439 ||| DRINKING potion of curing.
  3439 | D:2      | 3439 ||| (to cure confusion)
  3453 | D:2      | Reached XP level 4. HP: 35/36 MP: 5/5
  3591 | D:2      | 3591 ||| Stepping ~*~*~tactically~*~*~ (stealth).
  3621 | D:2      | Reached skill level 3 in Axes
  3845 | D:2      | 3845 ||| DROPPING amulet of faith.
  3846 | D:2      | 3846 ||| READING scroll labelled CUSAGI HION.
  3847 | D:2      | 3847 ||| READING scroll labelled MUSUOXOITUA.
  3848 | D:2      | 3848 ||| READING 2 scrolls of identify.
  3848 | D:2      | 3848 ||| IDENTIFYING viscous orange potion
  3849 | D:2      | 3849 ||| DROPPING potion of flight.
  3890 | D:3      | 3890 ||| Stepping ~*~*~tactically~*~*~ (stealth).
  4003 | D:3      | Found a runed translucent gate.
  4003 | D:3      | Found a runed translucent gate.
  4004 | D:3      | Found a runed translucent gate.
  4005 | D:3      | Noticed qw's ghost (amateur DsCA)
  4005 | D:3      | Noticed qw's ghost (amateur GrFi)
  4005 | D:3      | Noticed qw's ghost (amateur GrFi)
  4020 | D:3      | 4020 ||| Stepping ~*~*~tactically~*~*~ (stealth).
  4267 | D:3      | Found a shimmering altar of Xom.
  4268 | D:3      | Found a hazy altar of Hepliaklqana.
  4269 | D:3      | Noticed a spectral ugly thing
  4453 | D:3      | Reached XP level 5. HP: 41/41 MP: 6/6
  4674 | D:4      | 4674 ||| Stepping ~*~*~tactically~*~*~ (hiding).
  4773 | D:4      | 4773 ||| FLEEEEING.
  4780 | D:4      | 4780 ||| Stepping ~*~*~tactically~*~*~ (stealth).
  4784 | D:4      | 4784 ||| Stepping ~*~*~tactically~*~*~ (stealth).
  4816 | D:4      | 4816 ||| Stepping ~*~*~tactically~*~*~ (stealth).
  4861 | D:4      | 4861 ||| Stepping ~*~*~tactically~*~*~ (stealth).
  4863 | D:4      | 4863 ||| Stepping ~*~*~tactically~*~*~ (stealth).
  4876 | D:4      | 4876 ||| Stepping ~*~*~tactically~*~*~ (stealth).
  4936 | D:4      | HP: 9/41 [gnoll sergeant/+0 spear (8)]
  4937 | D:4      | Slain by a gnoll sergeant

Levels and vault maps discovered:
D:1:      amcnicky_arrival_gap_in_the_tavern_cellar, layout_loops_corners,
          shapermc_ecumenical_altar_pompeii
D:2:      layout_rooms
D:3:      layout_loops_ring, regret_index_temple_of_mockery,
          gammafunk_ghost_cemetery
D:4:      cheibrodos_thug_alley, layout_cave_pools,
          nicolae_overflow_hidden_temple, gammafunk_ghost_necromancy,
          st_stairs_8

Skill      XL: |  1  2  3  4 |
---------------+-------------+-----
Axes           | 1 2 3 |  3.8
Fighting       | 1 2 |  2.0
Armour         | 1 |  1.0
Dodging        | |  1.7
Stealth        | |  2.1
Spellcasting   | |  1.7
Summonings     | |  3.6

Action                   |  1- 3 |  4- 6 || total
-------------------------+-------+-------++-------
Melee: Unarmed           |    11 |       ||    11
       Club              |    41 |       ||    41
       Dagger            |     1 |       ||     1
       Hand axe          |    56 |   141 ||   197
       Short sword       |    19 |       ||    19
       Punch             |     1 |     2 ||     3
 Cast: Summon Small Mamm |    56 |       ||    56
  Use: Scroll            |     2 |     3 ||     5
       Potion            |     2 |       ||     2
 Stab: Distracted        |       |     1 ||     1
Armor: Robe              |    19 |       ||    19
       Plate armour      |    54 |   115 ||   169
Dodge: Dodged            |    49 |    30 ||    79

Table legend:
 A = Non-vault XP
 B = Vault XP
 C = Vault XP percentage of total XP
 D = Non-vault monster count
 E = Vault monster count
 F = Vault count percentage of total count
                 A         B        C        D         E       F
            +---------+---------+-------+---------+---------+-------
      Total |     218 |      12 |   5.2 |      64 |       8 |  11.1
            +---------+---------+-------+---------+---------+-------
        D:1 |      53 |       0 |   0.0 |      23 |       0 |   0.0
        D:2 |      89 |       0 |   0.0 |      24 |       0 |   0.0
        D:3 |      24 |       0 |   0.0 |      11 |       0 |   0.0
        D:4 |      52 |      12 |  18.8 |       6 |       8 |  57.1
            +---------+---------+-------+---------+---------+-------
